cohdb
Replays
Latest Replays
All Replays
Popular Replays
Top Player Replays
Match Explorer
How It Works
Community
CoH3 Stats
Reddit
Sign in to upload your games and track your stats! →
Sign in with Steam
Match 45107699
Unlisted
Match 45107699
Overview
Messages
Build Orders
End
Pioneer Squad
Construct Infanterie Kompanie
Grenadier Squad
Selects Mechanized Battlegroup
Grenadier Squad
Grenadier Squad
Infanterie Officer Quarters
Construct Luftwaffe Kompanie
221 Scout Car
Jäger Squad
Selects Raid Package
Flak 30 Anti-aircraft Gun Team
Support Elements
Wirbelwind Flakpanzer
Medical Station
Selects 8 Rad Armored Car
Construct Panzer Kompanie
Selects UNKNOWN (2160084)
Selects Spotting Scopes
Panther Heavy Tank
Pioneer Squad
Sturmpanzer IV Brummbär
Selects Wespe Self-propelled Artillery
Selects Zeroing Artillery Barrage
Zeroing Artillery Barrage
✠Kaiser✠ tushkan
Markov666
Ted 'Seaman' Silk
Thomas Smooth
0
0
Comments
sign in to comment!
No comments posted yet!